 Dungeon Crawl Stone Soup version 0.29.1-15-g9cfb28693d (webtiles) character file.

Game seed: 10437008068518277195

59989 Jase the Black Belt (level 14, -5/124 HPs)
             Began as a Grey Draconian Transmuter on Mar 28, 2023.
             Was an Elder of Wu Jian.
             Slain by an orc knight
             ... wielding a +3 glaive
              (31 damage)
             ... on level 2 of the Orcish Mines.
             The game lasted 01:51:24 (23312 turns).

Jase the Black Belt (Grey Draconian Transmuter)    Turns: 23312, Time: 01:51:25

Health: -5/124     AC: 15    Str: 13    XL:     14   Next: 55%
Magic:  17/17      EV: 20    Int: 15    God:    Wu Jian [****..]
Gold:   1288       SH:  0    Dex: 15    Spells: 9/17 levels left

rFire   + . .      SeeInvis +     - Unarmed
rCold   . . .      Faith    .   (no shield)
rNeg    . . .      Spirit   .   (body armour unavailable)
rPois   .          Reflect  .   (helmet currently unavailable)
rElec   .          Harm     .   C - +0 cloak
rCorr   .          Rampage  .   h - +0 pair of gloves
Will    +....                   (boots currently unavailable)
Stlth   +.........              U - amulet of regeneration
HPRegen 1.10/turn               O - ring of protection from fire
MPRegen 0.15/turn               m - ring "Lymiaq" {Slay+4 SInv}

@: exhausted, appendages, wereblooded, in a heavenly storm, glowing
A: horns 2, talons 2, AC +13, amphibious, unfitting armour, cold-blooded
a: End Transformation, Renounce Religion, Wall Jump, Serpent's Lash


You were on level 2 of the Orcish Mines.
You worshipped Wu Jian.
Wu Jian was greatly pleased with you.
You had temporarily grown beastly horns and talons.
You visited 4 branches of the dungeon, and saw 20 of its levels.
You also visited: Bailey, Ice Cave and Volcano.

You collected 2401 gold pieces.
You spent 1113 gold pieces at shops.

Inventory:

Missiles
 e - 5 javelins
 f - 4 atropa-tipped darts
 x - 20 boomerangs (quivered)
 y - 14 poisoned darts
 E - 2 throwing nets
 K - 3 curare-tipped darts
 M - 3 silver boomerangs
Armour
 h - a +0 pair of gloves (worn)
 l - a +1 pair of boots (melded)
 C - a +0 cloak (worn)
Jewellery
 g - a ring of poison resistance
 m - the ring "Lymiaq" (right hand) {Slay+4 SInv}
   (You found it on level 2 of the Dungeon)

   [ring of slaying]

   Slay:      It affects your accuracy & damage with ranged weapons and melee
   (+4).
   SInv:      It lets you see invisible.
 w - a ring of fire
 I - a ring of protection from cold
 J - a +4 ring of protection
 O - a ring of protection from fire (left hand)
 U - an amulet of regeneration (around neck)
Wands
 B - a wand of mindburst (27)
 D - a wand of flame (36)
 H - a wand of light (3)
 N - a wand of roots (4)
 Q - a wand of paralysis (7)
 X - a wand of digging (9)
Scrolls
 b - 10 scrolls of teleportation
 i - 3 scrolls of enchant weapon
 j - a scroll of blinking
 n - a scroll of silence
 p - a scroll of immolation
 r - a scroll of enchant armour
 u - 4 scrolls of butterflies
 z - a scroll of summoning
 P - 4 scrolls of poison
 S - 2 scrolls of amnesia
 T - 5 scrolls of identify
 V - 3 scrolls of torment
Potions
 a - 2 potions of lignification
 c - 3 potions of mutation
 d - 4 potions of might
 k - 4 potions of resistance
 o - 4 potions of attraction
 s - a potion of ambrosia
 v - 12 potions of curing
 A - 3 potions of brilliance
 F - 4 potions of invisibility
 G - a potion of berserk rage
 R - a potion of cancellation
Miscellaneous
 L - a box of beasts
 W - a lightning rod (4/4)


   Skills:
 - Level 11.0 Fighting
 - Level 9.0 Dodging
 * Level 17.9 Unarmed Combat
 - Level 2.0 Spellcasting
 + Level 11.0 Transmutations
 - Level 5.0 Poison Magic
 - Level 6.0 Evocations


You had 9 spell levels left.
You knew the following spells:

 Your Spells              Type           Power      Damage    Failure   Level
a - Beastly Appendage     Tmut           68%        N/A       1%          1
b - Wereblood             Tmut           34%        N/A       1%          2
c - Spider Form           Tmut/Pois      25%        N/A       2%          3
d - Passwall              Tmut/Erth      15%        N/A       3%          2

Your spell library contained the following spells:

 Spells                   Type           Power      Damage    Failure   Level
 Apportation              Tloc           2%         N/A       22%         1
 Necrotise                Necr           4%         1d4       22%         1
 Sandblast                Erth           2%         2d4       22%         1
 Slow                     Hex            4%         N/A       22%         1
 Summon Small Mammal      Summ           4%         N/A       22%         1
 Ice Form                 Ice/Tmut       18%        N/A       22%         4
 Blink                    Tloc           2%         N/A       32%         2
 Ensorcelled Hibernation  Hex/Ice        2%         N/A       32%         2
 Confusing Touch          Hex            1%         N/A       54%         3
 Frozen Ramparts          Ice            2%         1d1       54%         3
 Gell's Gravitas          Tloc           1%         N/A       54%         3
 Lesser Beckoning         Tloc           1%         N/A       54%         3
 Stone Arrow              Conj/Erth      2%         3d7       54%         3
 Summon Guardian Golem    Hex/Summ       1%         N/A       54%         3
 Teleport Other           Tloc           1%         N/A       54%         3
 Tukima's Dance           Hex            1%         N/A       54%         3
 Vampiric Draining        Necr           1%         2d6       54%         3
 Yara's Violent Unravell  Hex/Tmut       9%         3d6       54%         5
 Anguish                  Hex/Necr       0%         N/A       91%         4
 Animate Dead             Necr           1%         N/A       91%         4
 Passage of Golubria      Tloc           1%         N/A       91%         4
 Summon Ice Beast         Ice/Summ       1%         N/A       91%         4
 Freezing Cloud           Conj/Ice/Air   0%         6-21      99%         5
 Manifold Assault         Tloc           1%         N/A       99%         5
 Dispersal                Tloc           0%         N/A       100%        6
 Simulacrum               Ice/Necr       0%         N/A       100%        6
 Haunt                    Necr/Summ      0%         N/A       100%        7
 Orb of Destruction       Conj           0%         9d5       100%        7
 Spellforged Servitor     Conj/Summ      0%         N/A       100%        7
 Infestation              Necr           0%         N/A       100%        8
 Lehudib's Crystal Spear  Conj/Erth      0%         10d2      100%        8
 Polar Vortex             Ice            0%         N/A       100%        9
 Animate Armour           Summ/Erth      Unusable   N/A       N/A         4

Dungeon Overview and Level Annotations

Branches:
Dungeon (12/15)            Temple (1/1) D:7            Lair (5/5) D:10
 Shoals (0/4) Lair:3        Snake (0/4) Lair:3        Slime (0/5) Lair:4
    Orc (2/2) D:11         Bailey (visited)           IceCv (visited)
Volcano (visited)
    Elf: Orc:2

Altars:
Ashenzari
Cheibriados
Dithmenos
Elyvilon
Gozag
Nemelex Xobeh
Okawaru
Qazlal
Ru
Uskayaw
Vehumet
Wu Jian
Xom
Yredelemnul
The Shining One
Jiyva

Shops:
D:6 ((*(==   D:12 ?

Annotations:
D:7 17 exclusions
D:9 3 exclusions
D:10 2 transporters
Lair:4 3 runed translucent doors, AutumnRavn's ghost, journeyman MiFi


Innate Abilities, Weirdness & Mutations

You have temporarily grown beastly horns and talons.
Your dull iron-grey scales are very hard. (AC +13)
You are amphibious.
You cannot fit into any form of body armour.
You are cold-blooded and may be slowed by cold attacks.


Message History

The orc sorcerer hits you with a +0 dagger!
* * * LOW HITPOINT WARNING * * *
You can move again.
Unknown command.
Unknown command.
Unknown command.
Okay, then.
Unknown command.
Okay, then.
Unknown command.
Unknown command.
Okay, then.
Unknown command.
Okay, then.
Blink to where?
Press: ? - help, Dir - move target
As you read the scroll of blinking, it crumbles to dust.
You hear a shout!
The orc knight roars a battlecry!
You feel much better.
You howl as the wereblood boils in your veins!
You spin and attack the ice devil repeatedly.
You pummel the ice devil!! You tail-slap the ice devil!
The ice devil is severely wounded.
You hit the ice devil.
You claw the ice devil, but do no damage.
The ice devil is almost dead.
You spin and attack the orc knight.
You pummel the orc knight!! You claw the orc knight!
You headbutt the orc knight!
The orc knight is almost dead.
The ice devil closely misses you.
The orc knight hits you with a +0 great sword!!
* * * LOW HITPOINT WARNING * * *
Unknown command.
You feel much better. The ice devil misses you.
The orc warrior unwields a +0 scimitar.
The orc warrior wields a +2 vorpal arbalest.
The orc warrior shoots a bolt.
The bolt closely misses you.
The orc knight hits you from afar with a +3 glaive!!
You die...

#...............))......^....#
##.............))#..........##
.............)).)#.##.......##
............<..).###.........#
#...........)...##..........##
#..............##....)......##
..............##§§§§.#####...#
..............#§☼§§### #..#.##
.#............#o@§## ######
..............#§o4##
..............##o§o#
.....#.#.#.....#☼§o○o÷..÷.
..........#....##§oo4..○..
.....#..........##...÷...÷
........#........#...4o4..
.................###...o..
...................##÷....#####


You could see 2 orc knights, an ice devil (summoned) and 2 orc warriors.

Vanquished Creatures
  An orc warlord (Orc:1)
  Nessos (Lair:3)
  A red draconian (Volcano)
  A fire dragon (Lair:5)
  5 hydras
  2 boulder beetles (Lair:3)
  2 two-headed ogres
  2 catoblepae (Lair:5)
  A centaur warrior (Volcano)
  2 orc high priests (Orc:2)
  Urug (D:11)
  Sonja (D:10)
  A fire crab (Lair:2)
  Amaemon (Lair:3)
  A lindwurm (Lair:5)
  2 orc knights (Orc:2)
  A deep elf pyromancer (D:8)
  2 ugly things
  An orc sorcerer (Orc:2)
  A manticore (D:11)
  2 cyclopes
  5 elephants (Lair:2)
  Maurice (D:11)
  4 black mambas (Lair:5)
  Joseph (D:8)
  2 ice statues (IceCv)
  5 molten gargoyles
  An orange demon (Lair:3)
  10 cane toads
  An unseen horror (D:10)
  2 rime drakes
  An anaconda simulacrum (IceCv)
  A freezing wraith (IceCv)
  13 komodo dragons
  A polar bear (Lair:5)
  A hornet (D:9)
  5 trolls
  12 blink frogs
  14 slime creatures
  3 shadows
  A vampire (D:11)
  5 wyverns
  4 wraiths
  2 fire bats (Volcano)
  7 basilisks
  33 yaks
  Menkaure (D:5)
  Grum (D:8)
  7 vampire mosquitoes
  7 wargs
  2 death yak simulacra (Orc:1)
  3 steam dragons
  4 nagas (Lair:3)
  2 acid dragons
  13 water moccasins
  4 hell hounds (Lair:5)
  4 black bears
  31 orc warriors
  3 ice beasts
  2 sky beasts
  9 ogres
  6 wolves
  7 centaurs
  2 phantoms
  6 bullfrogs
  2 scorpions
  3 two-headed ogre simulacra (Orc:1)
  2 gnoll sergeants
  2 necrophages
  2 elephant simulacra (IceCv)
  5 electric eels
  5 howler monkeys
  12 lava snakes
  13 orc priests
  6 jellies
  5 hounds
  A gnoll bouda (D:8)
  10 iguanas
  21 orc wizards
  A polar bear simulacrum (IceCv)
  A wolf simulacrum (Orc:1)
  19 gnolls
  10 adders
  2 naga simulacra (Orc:1)
  A shadow imp (D:8)
  An ufetubus (D:5)
  6 dart slugs
  62 orcs
  7 endoplasms
  2 giant cockroaches
  16 goblins
  13 hobgoblins
  3 jackals
  7 kobolds
  2 quokkas
  7 ball pythons
  9 bats
  21 frilled lizards
  5 rats
  2 rat zombies (D:7)
567 creatures vanquished.

Vanquished Creatures (collateral kills)
  A hydra (Lair:5)
  A basilisk (Lair:5)
2 creatures vanquished.

Vanquished Creatures (others)
  A sky beast (D:6)
  The ghost of ChrisAssaf1981 the Magician, an amateur DjAE (D:4)
  36 fungi
  54 plants
92 creatures vanquished.

Grand Total: 661 creatures vanquished

Notes
Turn   | Place    | Note
-------+----------+-------------------------------------------
     0 | D:1      | Jase the Draconian Transmuter began the quest for the Orb.
     0 | D:1      | Reached XP level 1. HP: 16/16 MP: 3/3
   386 | D:1      | Reached XP level 2. HP: 23/23 MP: 3/5
  1273 | D:2      | Reached XP level 3. HP: 28/28 MP: 4/6
  1454 | D:2      | Identified the ring "Lymiaq" {Slay+4 SInv}
  1968 | D:2      | Learned a level 2 spell: Wereblood
  1972 | D:2      | Learned a level 3 spell: Spider Form
  2284 | D:3      | Reached XP level 4. HP: 34/35 MP: 4/7
  2338 | D:3      | Identified the +4 whip of the Hurling Gods {freeze, Str+4
                  | Int-5 Dex+8}
  2625 | D:3      | Found a shadowy altar of Dithmenos.
  2643 | D:3      | Noticed an earth elemental
  2645 | D:3      | Found a stormy altar of Qazlal.
  2648 | D:3      | Noticed a fire elemental
  2648 | D:3      | Noticed an air elemental
  2648 | D:3      | Noticed a water elemental
  2689 | D:3      | Found a faded altar of an unknown god.
  2881 | D:3      | Found an opulent altar of Gozag.
  3086 | D:4      | Reached skill level 1 in Poison Magic
  3235 | D:4      | Reached skill level 4 in Unarmed Combat
  3261 | D:4      | Reached XP level 5. HP: 38/40 MP: 6/8
  3362 | D:4      | Noticed an ogre
  3575 | D:4      | Noticed a black bear
  3582 | D:4      | Reached skill level 5 in Transmutations
  3582 | D:4      | Reached XP level 6. HP: 47/47 MP: 5/9
  3661 | D:4      | Found a transporter.
  3672 | D:4      | Found a transporter.
  3680 | D:4      | Noticed ChrisAssaf1981's ghost (amateur DjAE)
  3896 | D:4      | Found a sacrificial altar of Ru.
  4057 | D:5      | Entered Level 5 of the Dungeon
  4094 | D:5      | Your scales start taking on a dull iron-grey colour.
  4094 | D:5      | Reached XP level 7. HP: 41/52 MP: 10/10
  4101 | D:5      | Reached skill level 5 in Unarmed Combat
  4672 | D:5      | Noticed Menkaure
  4680 | D:5      | Killed Menkaure
  4681 | D:5      | Reached XP level 8. HP: 6/59 MP: 11/11
  5176 | D:6      | Found Puogaed's Weapon Boutique.
  5230 | D:6      | Reached skill level 6 in Unarmed Combat
  5328 | D:6      | Found Ahaumunk's Jewellery Boutique.
  5337 | D:6      | Found Fomel's Jewellery Boutique.
  5352 | D:6      | Found a basalt altar of Yredelemnul.
  5458 | D:6      | Found Qeffan's Weapon Shoppe.
  5497 | D:6      | Reached skill level 5 in Poison Magic
  5787 | D:6      | Found Hitiumon's Overcharged Wands.
  5895 | D:6      | Found Leriasus's Antique Weapon Boutique.
  5927 | D:6      | Reached XP level 9. HP: 60/64 MP: 10/12
  6244 | D:7      | Reached skill level 7 in Unarmed Combat
  6300 | D:7      | Reached skill level 10 in Transmutations
  6669 | D:7      | Found a staircase to the Ecumenical Temple.
  6846 | D:7      | Reached skill level 8 in Unarmed Combat
  6886 | Temple   | Entered the Ecumenical Temple
  6941 | Temple   | Became a worshipper of the Wu Jian Council
  7930 | D:8      | Noticed a deep elf pyromancer
  7944 | D:8      | Killed a deep elf pyromancer
  7945 | D:8      | Reached XP level 10. HP: 49/77 MP: 13/13
  7998 | D:8      | Reached skill level 9 in Unarmed Combat
  8176 | D:8      | Noticed Joseph
  8218 | D:8      | Killed Joseph
  8547 | D:8      | Found a broken altar of Ashenzari.
  8595 | D:8      | Noticed Grum
  8601 | D:8      | Killed Grum
  9068 | D:9      | Reached * piety under Wu Jian
  9072 | D:9      | Found a hide-covered altar of Uskayaw.
  9089 | D:9      | Reached skill level 5 in Fighting
  9089 | D:9      | Reached skill level 10 in Unarmed Combat
  9202 | D:9      | Noticed a two-headed ogre
  9283 | D:9      | Found a shimmering altar of Xom.
  9297 | D:9      | Found a flagged portal.
  9314 | Bailey   | Entered a bailey
  9667 | Bailey   | Reached ** piety under Wu Jian
  9869 | Bailey   | Reached skill level 11 in Unarmed Combat
  9869 | Bailey   | Reached XP level 11. HP: 89/89 MP: 14/14
  9887 | Bailey   | Noticed an orc warlord
  9893 | Bailey   | Reached skill level 5 in Dodging
 10270 | D:9      | HP: 1/89 [two-headed ogre/+0 giant spiked club (25)]
 10271 | D:9      | Killed a two-headed ogre
 11207 | D:10     | Entered Level 10 of the Dungeon
 11461 | D:10     | Found a staircase to the Lair.
 11527 | D:10     | Noticed Sonja
 11666 | D:10     | Killed Sonja
 11667 | D:10     | Reached skill level 12 in Unarmed Combat
 11801 | D:10     | Found a transporter.
 11801 | D:10     | Found a transporter.
 11804 | D:10     | Noticed a fire giant
 11806 | D:10     | Found a snail-covered altar of Cheibriados.
 11811 | D:10     | Noticed a two-headed ogre
 11823 | D:10     | Killed a two-headed ogre
 12070 | D:10     | Found a white marble altar of Elyvilon.
 12349 | D:10     | Found a glowing golden altar of the Shining One.
 12496 | D:10     | Reached *** piety under Wu Jian
 12931 | D:4      | Identified the +6 dire flail of Patience {holy, Drain rPois
                  | rC- Dex+6}
 12948 | D:4      | Killed ChrisAssaf1981's ghost
 13099 | Lair:1   | Entered Level 1 of the Lair of Beasts
 13099 | Lair:1   | Noticed a five-headed hydra
 13103 | Lair:1   | Killed a five-headed hydra
 13193 | Lair:1   | You fall into a shaft and drop 1 floor!
 13280 | Lair:2   | Reached skill level 13 in Unarmed Combat
 13280 | Lair:2   | Reached XP level 12. HP: 67/102 MP: 13/15
 13306 | Lair:2   | Found a dark tunnel.
 13309 | Volcano  | Entered a volcano
 13913 | Volcano  | Found a radiant altar of Vehumet.
 13913 | Volcano  | Noticed a centaur warrior
 13920 | Volcano  | Killed a centaur warrior
 14121 | Volcano  | Noticed a red draconian
 14132 | Volcano  | Killed a red draconian
 14588 | Lair:2   | Reached skill level 14 in Unarmed Combat
 15468 | Lair:3   | Noticed Amaemon
 15486 | Lair:3   | Killed Amaemon
 15582 | Lair:3   | Noticed Nessos
 15740 | Lair:3   | Killed Nessos
 16167 | Lair:3   | Found an ornate altar of the Wu Jian Council.
 16168 | Lair:3   | Found a hide-covered altar of Uskayaw.
 16168 | Lair:3   | Noticed a boulder beetle
 16185 | Lair:3   | Killed a boulder beetle
 16186 | Lair:3   | Reached skill level 10 in Fighting
 16538 | Lair:3   | Found the +3 Mad Mage's Maulers {Infuse+∞ RegenMP Int-3}
 16558 | Lair:3   | Found a staircase to the Shoals.
 16558 | Lair:3   | Found a staircase to the Snake Pit.
 16666 | Lair:3   | Noticed a boulder beetle
 16667 | Lair:3   | Reached XP level 13. HP: 97/113 MP: 13/16
 16695 | Lair:3   | Reached skill level 15 in Unarmed Combat
 17272 | Lair:3   | Identified the +1 robe "Weinwes" {-Tele rElec rN+ Dex+4}
 17466 | Lair:4   | Identified the +1 scale mail "Pioz Soi" {rN+ Regen+}
 17515 | Lair:4   | Reached **** piety under Wu Jian
 17870 | Lair:4   | Found a viscous altar of Jiyva.
 17875 | Lair:4   | Found a staircase to the Slime Pits.
 18214 | D:6      | Bought an amulet of regeneration for 360 gold pieces
 18395 | Lair:4   | Found a runed translucent gate.
 18396 | Lair:4   | Found a runed translucent gate.
 18397 | Lair:4   | Found a runed translucent gate.
 18540 | Lair:4   | Noticed AutumnRavn's ghost (journeyman MiFi)
 19003 | D:11     | Noticed Maurice
 19004 | D:11     | Found a radiant altar of Vehumet.
 19018 | D:11     | Killed Maurice
 19228 | D:11     | Noticed Urug
 19235 | D:11     | Killed Urug
 19236 | D:11     | Reached skill level 1 in Evocations
 19335 | D:11     | Found a staircase to the Orcish Mines.
 19635 | D:12     | Reached skill level 16 in Unarmed Combat
 19806 | D:12     | Found Atzeakeo's Magic Scroll Shop.
 19814 | D:12     | Bought a scroll of identify for 30 gold pieces
 19815 | D:12     | Bought a scroll of identify for 30 gold pieces
 20126 | D:12     | Reached ***** piety under Wu Jian
 20318 | Orc:1    | Entered Level 1 of the Orcish Mines
 20361 | Orc:1    | Found a frozen archway.
 20439 | IceCv    | Entered an ice cave
 20482 | IceCv    | Found a transporter.
 20487 | IceCv    | Found the +9 scales of the Dragon King {rPois rF+ rC+
                  | Will+}
 20491 | IceCv    | Found a transporter.
 21013 | D:6      | Bought a wand of digging (11) for 693 gold pieces
 21262 | Orc:1    | Noticed an orc warlord
 21271 | Orc:1    | Killed an orc warlord
 21542 | Lair:5   | Entered Level 5 of the Lair of Beasts
 21548 | Lair:5   | Reached XP level 14. HP: 99/124 MP: 15/17
 21825 | Lair:5   | Reached skill level 17 in Unarmed Combat
 21886 | Lair:5   | Reached skill level 5 in Evocations
 21945 | Lair:5   | Acquired 567 gold pieces
 22059 | Lair:5   | Learned a level 2 spell: Passwall
 22211 | Lair:5   | Found a large runed translucent door.
 22213 | Lair:5   | Found a large runed translucent door.
 22936 | Orc:2    | Entered Level 2 of the Orcish Mines
 23304 | Orc:2    | Paralysed by an orc sorcerer for 5 turns
 23311 | Orc:2    | HP: 2/124 [orc knight/+0 great sword (33)]
 23312 | Orc:2    | Slain by an orc knight

Illustrated notes

Levels and vault maps discovered:
D:1:      evilmike_arrival_rings, layout_loops_ring
D:2:      layout_loops_ring, serial_forest, infiniplex_forest_clump_small,
          infiniplex_forest_corner_1, infiniplex_forest_corner_1,
          infiniplex_forest_end_3, infiniplex_forest_fountain,
          infiniplex_forest_lined_2, infiniplex_forest_clump_curved,
          infiniplex_forest_lined_room_, infiniplex_forest_end_double
D:3:      layout_basic, mainiacjoe_overflow_tiny_flanked,
          nicolae_qazlal_style_of_elements, general_overflow_altar,
          ebering_ecumenical_altar_box, minmay_misc_feat_four_crosses,
          st_stairs_11
D:4:      minmay_opposing_rooms, layout_basic, hangedman_ru_absence,
          gammafunk_ghost_smash, nicolae_elevator_lobby_asterisk
D:5:      layout_rooms, uniq_menkaure
D:6:      layout_cave_pools, pf_just_have_faith, serial_shops,
          nicolae_stop_n_shop_1, kennysheep_mini, shop_fountains,
          nicolae_shop_advertising_works [nicolae_subvault_shop_adworks],
          nicolae_shop_bloodbath_and_beyond, st_stairs_3,
          nicolae_shop_overcharged_wands
D:7:      layout_gridville, minmay_temple_entry_tees, enter_ossuary_4
D:8:      layout_basic, mainiacjoe_overflow_24_doors, minmay_checkerbox,
          uniq_grum, uniq_joseph
D:9:      layout_irregular_city, mainiacjoe_overflow_cross_hatched,
          nicolae_overflow_crystal_walls, enter_bailey_5, grunt_ogre_cave
D:10:     layout_roguey, elyvilon_altar_4, gammafunk_temple_overflow_arena,
          tso_oasis_becter, due_lair_maze_entry_diamond, nooodl_orcs_dogs,
          uniq_sonja
D:11:     layout_rooms, grunt_ministairs_6, minmay_misc_feat_rows,
          moated_statue, nicolae_vehumet_radiance, uniq_urug, uniq_maurice
D:12:     layout_cave_pools, serial_glass, glass_columns_a, glass_columns_b,
          glass_columns_c, glass_columns_c, glass_columns_c, glass_columns_c,
          serial_shops, shop
Temple:   minmay_temple_curvy_loop
Lair:1:   layout_misc_corridors, hellmonk_guarded_unrand_zhor
Lair:2:   layout_gridlike, nicolae_volcano_entry_lava_flow,
          gauntlet_entry_generic, lemuel_fruit_tree, grunt_megastairs_2
Lair:3:   layout_roguey, shoals_dummy_entry, minmay_snake_entry_guardpost_small,
          st_stairs_11, nzn_masters_of_martial_movement, uniq_amaemon,
          uniq_nessos
Lair:4:   lemuel_reptile_caves, layout_long_grid, minmay_slime_entry_pillars,
          gammafunk_ghost_icy
Lair:5:   cheibrodos_lair_end_hotspot, layout_gridlike, serial_bayou_lake_a
Orc:1:    layout_diamond_mine, portal_ice_cave_entry_ice_simulacra
Orc:2:    grunt_orc_tribal_feast, layout_caves

Skill      XL: |  1  2  3  4  5  6  7  8  9 10 11 12 13 14 |
---------------+-------------------------------------------+-----
Transmutations | 3 4 5 6 7 8 10 11 | 11.0
Poison Magic   | 1 2 3 4 5 |  5.0
Unarmed Combat | 4 5 6 8 11 13 14 16 17 | 17.9
Fighting       | 3 6 8 10 11 | 11.0
Dodging        | 2 4 6 8 9 |  9.0
Evocations     | 4 6 |  6.0
Spellcasting   | |  2.0

Action                   |  1- 3 |  4- 6 |  7- 9 | 10-12 | 13-15 || total
-------------------------+-------+-------+-------+-------+-------++-------
Melee: Unarmed           |    93 |    93 |   212 |   629 |   628 ||  1655
       Headbutt          |    13 |    12 |    35 |   132 |   131 ||   323
       Kick              |    15 |    18 |    61 |   213 |   230 ||   537
       Tailslap          |     5 |     7 |    25 |   101 |    89 ||   227
       Punch             |     1 |     3 |    12 |    56 |    71 ||   143
 Cast: Beastly Appendage |    30 |    23 |    26 |    75 |    66 ||   220
       Wereblood         |     1 |     2 |     7 |    16 |    18 ||    44
       Spider Form       |       |       |     3 |     3 |     1 ||     7
Invok: Lunge             |       |       |     9 |    80 |    99 ||   188
       Whirlwind         |       |       |       |   134 |   130 ||   264
       Serpent's Lash    |       |       |       |     5 |     7 ||    12
       Heavenly Storm    |       |       |       |       |     2 ||     2
 Abil: End Transformatio |       |       |     1 |       |       ||     1
       Wall Jump         |       |       |       |    14 |    16 ||    30
Evoke: Wand              |       |       |       |     1 |     2 ||     3
       Lightning rod     |       |       |       |       |     2 ||     2
  Use: Scroll            |       |       |    16 |     7 |    11 ||    34
       Potion            |       |       |       |       |     4 ||     4
 Stab: Sleeping          |     1 |     1 |       |     2 |       ||     4
       Distracted        |       |       |       |       |     1 ||     1
       Petrifying        |       |       |       |       |     1 ||     1
Armor: Skin              |    27 |    28 |    68 |   151 |   101 ||   375
Dodge: Dodged            |    49 |    47 |    85 |   278 |   210 ||   669
